[Event "*** Titled Tuesday Blitz"]
[Site "Chess.com"]
[Date "2020.10.27"]
[Round "4"]
[White "ArjunErigaisi2003"]
[Black "deep306"]
[Result "1-0"]
[WhiteElo "2993"]
[BlackElo "2590"]
[TimeControl "180+1"]
[EndTime "10:39:03 PDT"]
[Termination "ArjunErigaisi2003 won by resignation"]

1. e4 e6 2. d3 d5 3. Qe2 Be7 4. g3 Nf6 5. Bg2 c5 6. e5 Nfd7 7. f4 Nc6 8. Nf3 b6 9. O-O Bb7 10. c4 dxc4 11. dxc4 Nd4 12. Nxd4 Bxg2 13. Qxg2 cxd4 14.
Rd1 O-O 15. b3 f6 16. exf6 Bxf6 17. Bb2 e5 18. fxe5 Nxe5 19. Nd2 Ng4 20. Nf1 Qe7 21. Bxd4 Bxd4+ 22. Rxd4 Ne5 23. Rf4 Rae8 24. Ne3 Rxf4 25. gxf4 Nd3 26. Qd5+ Kh8 27. Qxd3 Qxe3+ 28. Qxe3 Rxe3 29.
Rd1 h6 30. Rd7 a5 31. Rd6 Re2 32. a4 Re4 33. Rxb6 Rxf4 34. Kg2 Rd4 35. Rb5 Rd3 36. c5 Rc3 37. c6 Kg8 38. Rxa5 Rxc6 39. b4 Kf7 40. b5 Rc3 41. b6 Rc8 42. b7 Rb8 43. Rb5 Ke7 44. a5 Kd6 45. a6 1-0

[Event "*** Titled Tuesday Blitz"]
[Site "Chess.com"]
[Date "2020.10.27"]
[Round "4"]
[White "Chessalary"]
[Black "Leonid_Starozhilov"]
[Result "0-1"]
[WhiteElo "2400"]
[BlackElo "2643"]
[TimeControl "180+1"]
[EndTime "10:39:03 PDT"]
[Termination "Leonid_Starozhilov won by resignation"]

1. e4 c5 2. Nf3 e6 3. d4 cxd4 4.
Nxd4 a6 5. c4 Nf6 6. Bd3 Qc7 7.
O-O Bd6 8. h3 Nc6 9. Nxc6 dxc6 10. Nc3 e5 11. Bg5 Be7 12. f4 O-O 13. Qe2 h6 14. Bxf6 Bxf6 15. f5 b5 16. Nd1 Bg5 17. Qg4 Rd8 18. Be2 Qb6+ 19. Rf2 bxc4 20. Bxc4 a5 21.
h4 Bf6 22. Qh5 Ra7 23. Kf1 Ba6 24. Bxa6 Qxa6+ 25. Kg1 Qb6 26. g3 Rad7 27. Qf3 Rd3 28. Qg2 Rxd1+ 29. Rxd1 Rxd1+ 30. Kh2 Qd4 31. Rc2 Be7 32.
Kh3 Bc5 33. b4 axb4 34. a3 bxa3 35. Qe2 Bf8 36. Rxc6 Rd2 37. Qf2 Qxf2 0-1

[Event "*** Titled Tuesday Blitz"]
[Site "Chess.com"]
[Date "2020.10.27"]
[Round "4"]
[White "Bigfish1995"]
[Black "Titus369"]
[Result "1-0"]
[WhiteElo "3017"]
[BlackElo "2525"]
[TimeControl "180+1"]
[EndTime "10:39:06 PDT"]
[Termination "Bigfish1995 won by resignation"]

1. e4 c5 2. Nf3 d6 3. b4 cxb4 4. a3 bxa3 5. Nxa3 Nc6 6. Bb2 Nf6 7. e5 dxe5 8. Nxe5 e6 9. Nxc6 bxc6 10. Nc4 Be7 11.
Qf3 Qd5 12. Qf4 c5 13. Be2 Bb7 14. Bf3 Qd7 15. Bxf6 gxf6 16. Ra3 Bxf3 17. Rxf3 Qd4 18. Qc7 Qa1+ 19. Ke2 Qa6 20. d3 e5 21. Rb1 Rc8 22.
Rxf6 Rxc7 23. Rxa6 O-O 24. Nxe5 Re8 25. Nc4 Bf8+ 26. Kf1 Ree7 27. g3 Rb7 28. Rba1 Red7 29. R1a2 Bg7 30. Kg2 Rbc7 31. Nd6 Bd4 32. Nb5 Rb7 33.
Rxa7 Rxa7 34. Rxa7 Rd8 35. Rc7 Kf8 36. Kf3 Rb8 37.
Nxd4 cxd4 38. Rc4 Rd8 39. h4 Kg7 40. Ke4 Re8+ 41. Kxd4 Re2 42. f3 Rg2 43. Rc5 Rxg3 44. Rg5+ Rxg5 45. hxg5 Kg6 46. f4 Kf5 47. Ke3 f6 48.
gxf6 Kxf6 49. Kf3 Ke6 50. c4 Kd6 51. d4 1-0

[Event "*** Titled Tuesday Blitz"]
[Site "Chess.com"]
[Date "2020.10.27"]
[Round "4"]
[White "Fy_Rakotomaharo"]
[Black "Snegokhod"]
[Result "0-1"]
[WhiteElo "2633"]
[BlackElo "2443"]
[TimeControl "180+1"]
[EndTime "10:39:07 PDT"]
[Termination "Snegokhod won on time"]

1. e4 c5 2. Nf3 d6 3. Bb5+ Bd7 4. Bxd7+ Qxd7 5. O-O Nc6 6. c3 Nf6 7. Qe2 e5 8. Rd1 Be7 9. d4 cxd4 10. cxd4 exd4 11. Nxd4 O-O 12. Nc3 Rfe8 13. Bf4 Bf8 14. Ndb5 Re6 15.
Qc4 a6 16. Nd4 Nxd4 17. Rxd4 Qc6 18. Rad1 Rc8 19. Qd3 Rce8 20. f3 Qb6 21. Be3 Qxb2 22.
Rb1 Qa3 23. Ra4 Qxa4 24. Nxa4 d5 25. e5 Rxe5 26. Bd4 R5e6 27. Nc3 b5 28. Bxf6 Rxf6 29.
Qxd5 Rd6 30. Qb7 Rd3 31. Ne4 f5 32. Ng3 Rd2 33. h4 Bc5+ 34. Kh1 g6 35. Qc6 Re5 36. f4 Red5 37. Qe6+ Kg7 38. Re1 Kh6 0-1

[Event "*** Titled Tuesday Blitz"]
[Site "Chess.com"]
[Date "2020.10.27"]
[Round "4"]
[White "MikeSailer"]
[Black "esrosenberg"]
[Result "0-1"]
[WhiteElo "2131"]
[BlackElo "2347"]
[TimeControl "180+1"]
[EndTime "10:39:08 PDT"]
[Termination "esrosenberg won by checkmate"]

1. d4 Nf6 2. Nf3 e6 3. Bf4 b6 4. e3 Bb7 5. Be2 d6 6. O-O Nbd7 7. h3 g6 8. a4 a6 9. c4 Bg7 10. a5 O-O 11. axb6 Nxb6 12. Nc3 Re8 13. Qc2 Qe7 14.
Nd2 e5 15. dxe5 dxe5 16. Bg5 h6 17. Bxf6 Qxf6 18. Nde4 Qe7 19. c5 Nd5 20. Nxd5 Bxd5 21.
Rxa6 Rxa6 22. Bxa6 f5 23. Bc4 Qe6 24. Nd2 e4 25. b3 Ra8 26. Bxd5 Qxd5 27. Qc4 Qxc4 28. Nxc4 Ra2 29. Rb1 Rc2 30. Rd1 Rc3 31. Rd8+ Kh7 32. Rd7 Rxb3 33. Rxc7 g5 34. Ne5 Kg8 35. Rc8+ Kh7 36.
Nd7 Kg6 37. c6 Rc3 38. c7 Kh5 39. g3 f4 40. exf4 gxf4 41. gxf4 Kh4 42. Rg8 Rxc7 43. Rxg7 Kxh3 44. f5 Rc1# 0-1

[Event "*** Titled Tuesday Blitz"]
[Site "Chess.com"]
[Date "2020.10.27"]
[Round "4"]
[White "SARGISMV"]
[Black "Harsha_Bharathakoti"]
[Result "0-1"]
[WhiteElo "2521"]
[BlackElo "2819"]
[TimeControl "180+1"]
[EndTime "10:39:09 PDT"]
[Termination "Harsha_Bharathakoti won on time"]

1. d4 d5 2. c4 e6 3. Nf3 Nf6 4. Nc3 c6 5. e3 Nbd7 6. Qc2 Bd6 7. Bd3 dxc4 8. Bxc4 b5 9. Be2 Bb7 10. O-O O-O 11. Rd1 Qb8 12. e4 e5 13. Bg5 Re8 14.
dxe5 Nxe5 15. Bxf6 gxf6 16. Nd4 a6 17. Nf5 Bf8 18.
a3 Bc8 19. Bf1 Bxf5 20. exf5 Ng4 21. g3 Qb6 22. Rd2 Bc5 23. Ne4 Rxe4 24. Qxe4 Nxf2 25.
Rxf2 Bxf2+ 26. Kh1 Rd8 27. Bg2 Bd4 28. Qxc6 Qxc6 29. Bxc6 Bxb2 30. Ra2 Rd1+ 31. Kg2 Bc3 32. Bb7 a5 33. Ba6 b4 34. axb4 Bxb4 35. Rc2 Rd7 36.
Rc8+ Kg7 37. Ra8 a4 38. Bb5 Rd2+ 39. Kf3 a3 40. h4 Rd5 0-1

[Event "*** Titled Tuesday Blitz"]
[Site "Chess.com"]
[Date "2020.10.27"]
[Round "4"]
[White "teacher4chess"]
[Black "Marina_Chess_Rus"]
[Result "0-1"]
[WhiteElo "2058"]
[BlackElo "2285"]
[TimeControl "180+1"]
[EndTime "10:39:09 PDT"]
[Termination "Marina_Chess_Rus won on time"]

1. d4 d5 2. Nf3 Nf6 3. c4 c6 4.
Bg5 Ne4 5. Bf4 Bf5 6. e3 e6 7. Bd3 Nd7 8. O-O Be7 9. Ne5 O-O 10. g4 Bg6 11. Nxg6 hxg6 12. Bxe4 dxe4 13. Nc3 f5 14. f3 g5 15. Bg3 f4 16. Bf2 exf3 17. Qxf3 e5 18.
dxe5 Nxe5 19. Qe4 Qc7 20. Rae1 Bd6 21. c5 Bxc5 22. exf4 Bxf2+ 23. Rxf2 Nd7 24. Qe6+ Rf7 25. fxg5 Nc5 26. Qc4 b5 27. Qxc5 Rxf2 28. Qxf2 Rf8 29. Qg3 Qb6+ 30. Qe3 Qc7 31. Kg2 Qf7 32. Qg3 a6 33.
Re2 b4 34. Ne4 Qd5 35. Kh3 Qd1 36. Nc5 Qxe2 0-1

[Event "*** Titled Tuesday Blitz"]
[Site "Chess.com"]
[Date "2020.10.27"]
[Round "4"]
[White "Mazetovic"]
[Black "SilviusTiberius"]
[Result "1-0"]
[WhiteElo "2756"]
[BlackElo "2530"]
[TimeControl "180+1"]
[EndTime "10:39:10 PDT"]
[Termination "Mazetovic won on time"]

1. e4 e5 2. Nf3 Nc6 3. Bb5 a6 4. Ba4 Nf6 5. Nc3 b5 6. Bb3 Be7 7. a4 b4 8. Nd5 d6 9. Nxf6+ Bxf6 10. Bd5 Bd7 11. d3 Rb8 12. a5 Rb5 13. Bxc6 Bxc6 14. O-O O-O 15. b3 Bd7 16. Nd2 g6 17. Nc4 Bg7 18. Bb2 f5 19. f3 Be6 20. Qe2 c5 21.
Rfd1 Rb7 22. Nb6 Rbf7 23. Re1 Bh6 24. Bc1 Bxc1 25. Raxc1 f4 26. Qf2 g5 27. h3 Rg7 28.
Kf1 h5 29. Ke2 g4 30. hxg4 hxg4 31. Rh1 Rf6 32. Rh4 gxf3+ 33. gxf3 Rfg6 34. Rch1 Kf7 35. Rh8 Qe7 36. R1h2 Rg3 37. Kd2 Qg5 38. Ra8 Kg6 39. Rxa6 Rh7 40. Rxh7 Kxh7 41. Kc1 Rg2 42. Ra7+ Kg6 43.
Qxg2 Qxg2 44. a6 Qxf3 45. Re7 Qe3+ 46. Kb2 Bxb3 47. a7 Qd2 48. Kxb3 Qc3+ 49. Ka4 Qxc2+ 50. Kb5 Qxd3+ 51. Kc6 Qxe4+ 52. Nd5 1-0

[Event "*** Titled Tuesday Blitz"]
[Site "Chess.com"]
[Date "2020.10.27"]
[Round "4"]
[White "TheCavemanChesss"]
[Black "Pultis"]
[Result "0-1"]
[WhiteElo "2511"]
[BlackElo "2715"]
[TimeControl "180+1"]
[EndTime "10:39:10 PDT"]
[Termination "Pultis won by checkmate"]

1. d4 Nf6 2. c4 g6 3. Nc3 Bg7 4.
e4 d6 5. Nf3 O-O 6. Be2 c5 7. d5 e6 8. O-O exd5 9. exd5 a6 10. h3 Nbd7 11. Bf4 Qc7 12. Re1 b6 13. Bd3 Bb7 14. a4 Rae8 15. Qd2 Ne5 16. Nxe5 dxe5 17.
Bh2 Nh5 18. a5 bxa5 19. Be2 Nf4 20. Bf1 Bh6 21. Kh1 Kg7 22. Qd1 f6 23. Qa4 Rb8 24.
Qxa5 Qe7 25. Ne4 Rfc8 26. Rad1 Ba8 27. Rb1 Bb7 28. Qc3 Qc7 29. b3 a5 30. Ra1 Ra8 31. Ra4 Ra6 32. Rea1 Rca8 33. g3 Nh5 34. Bg2 Kg8 35.
Qe1 Bg7 36. g4 Nf4 37. Bxf4 exf4 38. Qd2 f5 39. gxf5 gxf5 40. Rb4 axb4 41. Rxa6 Rxa6 42. Ng5 Ra1+ 43. Kh2 f3+ 44. Qf4 Qxf4# 0-1

[Event "*** Titled Tuesday Blitz"]
[Site "Chess.com"]
[Date "2020.10.27"]
[Round "4"]
[White "DishonorOnYourCow"]
[Black "Gabrielian_Artur"]
[Result "1-0"]
[WhiteElo "2393"]
[BlackElo "2774"]
[TimeControl "180+1"]
[EndTime "10:39:11 PDT"]
[Termination "DishonorOnYourCow won by resignation"]

1. d4 Nf6 2. c4 c5 3. d5 e6 4. Nc3 exd5 5. cxd5 d6 6. Nf3 g6 7.
Nd2 Nbd7 8. e4 Bg7 9. Be2 O-O 10.
O-O Re8 11. Qc2 Ne5 12. a4 a6 13. h3 g5 14. a5 g4 15. hxg4 Nfxg4 16. Nf3 Nxf3+ 17.
Bxf3 Ne5 18. Be2 Qh4 19. Qd2 f5 20. Qg5 Qxg5 21. Bxg5 Ng6 22. exf5 Bxf5 23. Bh5 Bd4 24. Rfe1 Rf8 25. Be3 Rae8 26. Bh6 Bg7 27. Bxg7 Kxg7 28. Bxg6 hxg6 29. f3 g5 30. Kf2 Kf6 31. Na4 Re5 32. Nb6 Rfe8 33. Rxe5 Rxe5 34. g4 Bxg4 35. fxg4 Re4 36.
Kf3 Rf4+ 37. Kg3 Rb4 38. Re1 Rb3+ 39. Kg2 Rxb2+ 40. Kg3 Rb3+ 41. Kf2 Rb2+ 42. Re2 Rb4 43. Re6+ Kf7 44. Rxd6 Rxg4 45. Rd7+ Kf6 46. Rxb7 Ke5 47. Re7+ Kf6 48. d6 Rd4 49. Rd7 Ke6 50. Ra7 Kxd6 51.
Rxa6 Ke5 52. Ra8 Kf4 53. a6 Rd2+ 54. Ke1 Ra2 55. a7 Kg4 56. Nc8 c4 57. Rb8 Ra1+ 58.
Kd2 1-0

[Event "*** Titled Tuesday Blitz"]
[Site "Chess.com"]
[Date "2020.10.27"]
[Round "4"]
[White "kreonx"]
[Black "Ariadna_Atreides"]
[Result "0-1"]
[WhiteElo "2326"]
[BlackElo "2121"]
[TimeControl "180+1"]
[EndTime "10:39:12 PDT"]
[Termination "Ariadna_Atreides won by resignation"]

1. e4 c5 2. Nc3 Nc6 3. f4 d6 4.
Nf3 g6 5. Bc4 Bg7 6. d3 e6 7. O-O a6 8. a4 Nge7 9. Qe1 O-O 10. Qh4 d5 11. Bb3 Nd4 12. Nxd4 cxd4 13. Ne2 dxe4 14. dxe4 Nc6 15. Qg3 Qc7 16. Bd2 Na5 17.
Bxa5 Qxa5 18. Rad1 Qc5 19. Qf2 Rd8 20. e5 b5 21. Nxd4 bxa4 22. Bxa4 Bb7 23. c3 Bf8 24. Bc2 Rac8 25. Qe3 a5 26. Be4 Ba6 27. Rf2 Bc4 28. Bd3 Bd5 29. Rfd2 a4 30. Nc2 Bb3 31. Qxc5 Bxc5+ 32.
Kf1 Rxd3 33. Rxd3 Bxc2 34. Rd8+ Rxd8 35. Rxd8+ Kg7 36. Rc8 Be3 37. g3 Bc1 38. Rb8 Bb3 39. Ke2 Bxb2 40. Kd3 a3 41. Ra8 a2 42. c4 a1=Q 43.
Rxa1 Bxa1 44. c5 Bd5 45. h3 h5 46. g4 hxg4 47. hxg4 Kf8 48. Ke3 Ke8 49. f5 gxf5 50. gxf5 Bxe5 51. fxe6 fxe6 52. c6 Bxc6 53. Kd3 Bd5 0-1

[Event "*** Titled Tuesday Blitz"]
[Site "Chess.com"]
[Date "2020.10.27"]
[Round "4"]
[White "juancruzarias"]
[Black "Sergienko_Sergey"]
[Result "1-0"]
[WhiteElo "2529"]
[BlackElo "2337"]
[TimeControl "180+1"]
[EndTime "10:39:13 PDT"]
[Termination "juancruzarias won on time"]

1. d4 Nf6 2. Nf3 e6 3. e3 b6 4. Bd3 Bb7 5. O-O Be7 6. Qe2 c5 7. c3 O-O 8. e4 d6 9. a3 Nbd7 10. e5 Ne8 11. Bf4 dxe5 12. dxe5 g6 13. Nbd2 Ng7 14. Rad1 Qc7 15. Ne4 Rad8 16. Bg3 Qc6 17. Nfd2 Nf5 18. Bb5 Qc8 19. Bf4 Bc6 20. Ba6 Bb7 21. Bb5 Bc6 22. Bxc6 Qxc6 23. Qf3 Rc8 24. Nc4 Rfd8 25. Ncd6 Bxd6 26. exd6 e5 27. Bg5 Re8 28. g4 f6 29. gxf5 fxg5 30. fxg6 hxg6 31. Qg2 Rf8 32. f3 Rf5 33. Ng3 Rf4 34. Ne4 Rf5 35. c4 Rcf8 36.
Rd3 Qc8 37. Ng3 Rf4 38. Ne4 R4f5 39. Nc3 Qe8 40. Nd5 Qe6 41. Ne7+ Kg7 42. Nxf5+ Rxf5 43. Rd5 Qf6 44. Kh1 e4 45. Rxf5 1-0

[Event "*** Titled Tuesday Blitz"]
[Site "Chess.com"]
[Date "2020.10.27"]
[Round "4"]
[White "Generalas"]
[Black "Kurai"]
[Result "0-1"]
[WhiteElo "2345"]
[BlackElo "2574"]
[TimeControl "180+1"]
[EndTime "10:39:15 PDT"]
[Termination "Kurai won by resignation"]

1. Nf3 d5 2. g3 Nf6 3. Bg2 c5 4. b3 Nc6 5. Bb2 d4 6. O-O e5 7.
d3 Bd6 8. e3 O-O 9. Nbd2 h6 10.
a4 Re8 11. exd4 cxd4 12. Re1 Bg4 13. Nc4 Bc7 14. Qd2 Nd5 15. Nh4 Rc8 16. Ba3 a6 17. h3 Be6 18. Nf3 f6 19. Nh4 b5 20.
axb5 axb5 21. f4 bxc4 22. bxc4 Ba5 23. Qe2 Ne3 24. Reb1 Qd7 25. f5 Nxf5 26. Nxf5 Bxf5 27. g4 Be6 28. Qe4 Bc3 29. Ra2 Nd8 30. Rb6 Nf7 31. Bc1 Rb8 32. Rxb8 Rxb8 33. Ra8 Qc8 34. Rxb8 Qxb8 35.
Kh2 Ng5 36. Qc6 Qc8 37. Ba3 Qxc6 38. Bxc6 Be1 39. Kg2 h5 40. gxh5 Bxh3+ 41. Kh2 Bg4 42. h6 gxh6 43. Be7 Kf7 44. Bd8 Bd1 45. Bd5+ Kg6 46.
c5 Bxc2 47. c6 Bxd3 48. c7 Ba6 49. Bc6 Ne6 50. Bd7 Nxc7 51. Bxc7 d3 52. Ba4 d2 53. Kg2 Be2 54. Bc2+ Kg7 0-1

[Event "*** Titled Tuesday Blitz"]
[Site "Chess.com"]
[Date "2020.10.27"]
[Round "4"]
[White "Th3_Hound"]
[Black "maciek_92"]
[Result "0-1"]
[WhiteElo "2503"]
[BlackElo "2699"]
[TimeControl "180+1"]
[EndTime "10:39:16 PDT"]
[Termination "maciek_92 won by resignation"]

1. e4 c5 2. Nf3 d6 3. d4 cxd4 4.
Nxd4 Nf6 5. Nc3 a6 6. h3 e5 7.
Nde2 Be6 8. g4 b5 9. Bg2 b4 10. Nd5 Bxd5 11. exd5 Nbd7 12. a3 a5 13. Bd2 Rb8 14. axb4 axb4 15. Ra4 b3 16. cxb3 Be7 17. b4 O-O 18. Ra6 e4 19. O-O Nxd5 20. Bxe4 Nxb4 21.
Ra1 Nc5 22. Bg2 Nbd3 23. Nc3 Nxb2 24. Qc2 Nc4 25. Nd5 Nxd2 26. Qxd2 Bg5 27. Qc2 Bf6 28. Ra7 Kh8 29. Qf5 Bd4 30. Rd1 g6 31. Qf3 Be5 32. Rxf7 Rxf7 33. Qxf7 Qh4 34. f4 Bg7 35. Kh1 Rf8 36.
Qc7 Ne4 37. Bxe4 Qxh3+ 38. Kg1 Qxg4+ 39. Bg2 Qxd1+ 40. Kh2 Qh5+ 41. Kg3 g5 42. Qxd6 gxf4+ 43. Kf2 Qe5 44. Qxe5 Bxe5 45. Bf3 Rb8 46. Ne7 Rb2+ 47. Kf1 Kg7 48. Nf5+ Kf6 49. Nh4 Bd4 50. Ng2 Rf2+ 0-1

[Event "*** Titled Tuesday Blitz"]
[Site "Chess.com"]
[Date "2020.10.27"]
[Round "4"]
[White "Colombiano07"]
[Black "Rakesh"]
[Result "1-0"]
[WhiteElo "2294"]
[BlackElo "2444"]
[TimeControl "180+1"]
[EndTime "10:39:16 PDT"]
[Termination "Colombiano07 won on time"]

1. e4 c5 2. Nf3 e6 3. b4 cxb4 4. d4 d5 5. e5 Nc6 6. a3 bxa3 7.
Bxa3 Bxa3 8. Rxa3 Nge7 9. Bd3 O-O 10. Bxh7+ Kxh7 11. Ng5+ Kg6 12. Rg3 Nf5 13. Nxe6+ Nxg3 14. Nxd8 Nxh1 15. Nxc6 bxc6 16. Kf1 Rh8 17. Kg1 Nxf2 18.
Kxf2 Rxh2 19. Qd3+ Kh6 20. Nd2 Rh5 21. Qa3 Kh7 22.
Qf8 a5 23. Nf3 Rf5 24. Qe8 Rb8 25. Qxc6 Be6 26. Ke3 Rc8 27. Qb5 Rxc2 28. Qxa5 Rxg2 29. Qe1 Kg8 30. Ng1 Rg4 31. Ne2 Re4+ 32. Kd2 Rf3 33. Qg1 Bg4 34. Nc3 Ref4 35. Nxd5 Rf2+ 36. Kc3 R4f3+ 37.
Kb4 Be6 38. Qg5 Bxd5 39. Qd8+ Kh7 40. Qxd5 Rf4 41. Qh1+ Kg6 42. Kc5 Rd2 43. d5 Rff2 44. Kd6 f5 45. Ke7 f4 46. e6 Rfe2 47. d6 Kf5 48. d7 1-0

[Event "*** Titled Tuesday Blitz"]
[Site "Chess.com"]
[Date "2020.10.27"]
[Round "4"]
[White "Fandorine"]
[Black "doons21"]
[Result "1-0"]
[WhiteElo "2851"]
[BlackElo "2552"]
[TimeControl "180+1"]
[EndTime "10:39:18 PDT"]
[Termination "Fandorine won by checkmate"]

1. d4 Nf6 2. Nf3 g6 3. Bg5 Ne4 4. Bf4 d5 5. Nbd2 Bg7 6. e3 Nxd2 7. Qxd2 c6 8. h4 h5 9. Bd3 Bf5 10. Bxf5 gxf5 11. Qd3 e6 12. Qb3 Qb6 13. Ne5 Nd7 14. Nd3 Qxb3 15. axb3 f6 16. c3 Kf7 17. f3 e5 18. Bg3 Rhe8 19. Kd2 Bh6 20. Bf2 f4 21.
exf4 e4 22. fxe4 dxe4 23. Ne1 Bxf4+ 24. Ke2 f5 25. g3 Bh6 26. Ng2 Nf6 27. Be3 Bxe3 28.
Nxe3 Rg8 29. Nxf5 Ke6 30. Rhf1 Nd5 31. c4 Nb4 32. Ra5 Nd3 33. d5+ cxd5 34. Rxd5 Nxb2 35. Nd4+ Ke7 36. Rxh5 Rad8 37. Re5+ Kd6 38. Rxe4 Rde8 39. Rxe8 Rxe8+ 40. Kd2 Kc5 41. Kc3 Nxc4 42. bxc4 Re3+ 43. Kd2 Rxg3 44. Ne2 Rh3 45. Rf4 a5 46. Nc3 Kb4 47.
Nd5+ Kb3 48. Ne3 a4 49. Rf7 Rxh4 50. Rxb7+ Ka2 51. c5 a3 52. c6 Rh2+ 53. Kd3 Rh6 54. Nd5 Rxc6 55. Nc3+ Ka1 56. Rb1# 1-0

[Event "*** Titled Tuesday Blitz"]
[Site "Chess.com"]
[Date "2020.10.27"]
[Round "4"]
[White "alexwinter25"]
[Black "Euge_chess"]
[Result "1-0"]
[WhiteElo "2338"]
[BlackElo "2092"]
[TimeControl "180+1"]
[EndTime "10:39:19 PDT"]
[Termination "alexwinter25 won on time"]

1. e4 e5 2. Nf3 Nc6 3. d4 exd4 4.
Bc4 Nf6 5. Ng5 d5 6. exd5 Nxd5 7. O-O Be7 8. Nxf7 Kxf7 9. Qf3+ Bf6 10. Bxd5+ Kf8 11.
b3 Bg4 12. Ba3+ Ne7 13. Bxe7+ Kxe7 14. Qe4+ Kf8 15. Bxb7 Rb8 16. Nd2 Bh5 17. Bd5 Bg6 18.
Qf3 Qd6 19. Nc4 Qd7 20. Rad1 Qf5 21. Qxf5 Bxf5 22. Rd2 Rd8 23. Bf3 c5 24. h3 Bg5 25.
Rdd1 Kf7 26. Rfe1 Bxc2 27. Ne5+ Kf6 28. Ng4+ Kf7 29. Ne5+ Kf6 30. Ng4+ Kf7 31. Ra1 Bd2 32. Re5 Bc3 33. Rc1 d3 34. Rxc5 Bb2 35. R5xc2 dxc2 36. Rxc2 Ba3 37. Rc7+ Kg6 38. Rxa7 Bd6 39. g3 Bb8 40. Rb7 h5 41. Ne3 Rhf8 42. Be4+ Kh6 43. Kg2 g6 44. h4 Rde8 45. Bf3 Be5 46. a4 Bd4 47. Nd5 Bc5 48. a5 Rd8 49. Nf4 1-0

[Event "*** Titled Tuesday Blitz"]
[Site "Chess.com"]
[Date "2020.10.27"]
[Round "4"]
[White "Roza_Idrisova"]
[Black "maxip32"]
[Result "1/2-1/2"]
[WhiteElo "2218"]
[BlackElo "2408"]
[TimeControl "180+1"]
[EndTime "10:39:20 PDT"]
[Termination "Game drawn by agreement"]

1. d4 Nf6 2. Nf3 g6 3. c4 Bg7 4. Nc3 O-O 5. e4 d6 6. Be2 Na6 7. O-O e5 8. h3 exd4 9. Nxd4 Re8 10. f3 Nh5 11. Be3 Bd7 12. Qd2 Nc5 13. Rad1 a5 14. Ndb5 Ne6 15. Nd5 Bxb5 16. cxb5 b6 17. a3 g5 18. Rc1 Nhf4 19. Bc4 Nxd5 20. Bxd5 Ra7 21. Bxe6 Rxe6 22. Bd4 Bxd4+ 23. Qxd4 Re5 24. Rfd1 Rxb5 25.
Rc6 Qe8 26. Rdc1 Rc5 27. R1xc5 bxc5 28. Qd5 h6 29. Kh2 Ra8 30. Rxc7 Rb8 31. b3 Qe5+ 32. Qxe5 dxe5 33. Rxc5 Rxb3 34. Rxa5 Kg7 35. Rxe5 Rxa3 36. Rb5 Kg6 37. Kg3 h5 38. h4 f6 39. hxg5 fxg5 40.
Rb6+ Kg7 41. Re6 Rb3 42. Re5 Kf6 43. Rf5+ Kg6 44. Rd5 Rb2 45. Rd3 h4+ 46. Kh3 Rc2 47. g3 hxg3 48. Kxg3 Kf6 49. Rd5 Rb2 50. f4 gxf4+ 51.
Kxf4 Rf2+ 52. Ke3 Ra2 53. Kf4 Ke6 1/2-1/2

[Event "*** Titled Tuesday Blitz"]
[Site "Chess.com"]
[Date "2020.10.27"]
[Round "4"]
[White "PotapovaM"]
[Black "reniite"]
[Result "1-0"]
[WhiteElo "2574"]
[BlackElo "1930"]
[TimeControl "180+1"]
[EndTime "10:39:20 PDT"]
[Termination "PotapovaM won by checkmate"]

1. Nf3 Nf6 2. c4 e6 3. g3 d5 4. Bg2 Be7 5. O-O O-O 6. b3 dxc4 7. bxc4 Nc6 8. Bb2 h6 9. Nc3 Nd4 10. d3 Nxf3+ 11. Bxf3 c6 12. Bg2 Qa5 13. Qb3 Qb6 14. Qc2 Qc7 15. Rab1 b6 16. Nb5 Qd7 17. Nd4 Bb7 18.
Nf3 Rac8 19. Ne5 Qc7 20. Qa4 Ba8 21. Ba1 Nd7 22. Nf3 Bf6 23. Bxf6 Nxf6 24. Rfc1 c5 25. Qc2 Bc6 26. Qc3 Rfd8 27. Ra1 Qd6 28. a4 Qd7 29. a5 Qc7 30. Rcb1 Rb8 31. axb6 axb6 32. Ra2 Nd7 33. Rab2 Bxf3 34. Bxf3 Ne5 35. Bg2 Nc6 36. e3 Nb4 37. d4 Rbc8 38. h3 Rb8 39. Rd1 Rbc8 40. Rbd2 Rb8 41. d5 exd5 42. cxd5 Qd6 43. e4 Re8 44. f4 f6 45. Re1 Na6 46. e5 fxe5 47. fxe5 Qg6 48. d6 Nb4 49. d7 Red8 50. e6 Qg5 51. e7 Rxd7 52. e8=Q+ Rxe8 53. Rxe8+ Kf7 54. Rxd7+ Kxe8 55. Qxg7 Qc1+ 56. Kh2 Qg5 57. Qf7# 1-0

[Event "*** Titled Tuesday Blitz"]
[Site "Chess.com"]
[Date "2020.10.27"]
[Round "4"]
[White "FlamingPhoenix2910"]
[Black "GoltsevDmitry2000"]
[Result "0-1"]
[WhiteElo "2870"]
[BlackElo "2711"]
[TimeControl "180+1"]
[EndTime "10:39:21 PDT"]
[Termination "GoltsevDmitry2000 won by resignation"]

1. e4 c5 2. Nf3 e6 3. Nc3 Nc6 4.
Bb5 a6 5. Bxc6 bxc6 6. e5 Ne7 7.
O-O Ng6 8. Re1 f5 9. exf6 gxf6 10. d4 cxd4 11. Nxd4 Bc5 12. Be3 Ba7 13. Qh5 O-O 14.
Rad1 Qe8 15. Ne4 Bb8 16. Bh6 Rf7 17. Nf5 Qd8 18. Nfd6 Bxd6 19. Rxd6 Rb8 20. Red1 Qe7 21. b3 Rb5 22. Qf3 Rd5 23. c4 Rxd1+ 24. Qxd1 f5 25. Bg5 Qf8 26. Nc5 h6 27. Bc1 Kh7 28. Nxd7 Qg7 29. Nb6 Bb7 30. c5 e5 31. Qh5 a5 32.
Nc4 Ba6 33. Ne3 Ne7 34. h3 Bd3 35. Nc4 Bxc4 36. Rxh6+ Qxh6 37. bxc4 Qxh5 38. g4 Qg6 39. f3 fxg4 40. fxg4 Rf3 0-1

[Event "*** Titled Tuesday Blitz"]
[Site "Chess.com"]
[Date "2020.10.27"]
[Round "4"]
[White "mbojan"]
[Black "GMBenjaminBok"]
[Result "0-1"]
[WhiteElo "2711"]
[BlackElo "2940"]
[TimeControl "180+1"]
[EndTime "10:39:22 PDT"]
[Termination "GMBenjaminBok won on time"]

1. e4 c5 2. Nf3 d6 3. d4 cxd4 4. Nxd4 Nf6 5. Nc3 a6 6. Bg5 Nbd7 7. Qe2 e6 8. f4 Qc7 9. O-O-O b5 10. a3 Rb8 11. g4 h6 12. Bxf6 Nxf6 13. g5 hxg5 14. fxg5 Nh5 15. g6 Ng3 16. hxg3 Rxh1 17. gxf7+ Qxf7 18. e5 d5 19. Qg2 Qh5 20. Qxh1 Qxh1 21. Bxb5+ axb5 22. Rxh1 b4 23. axb4 Rxb4 24. Nce2 Ba6 25. c3 Rb6 26. Nf4 Kf7 27. Rh2 g5 28. Nh3 Kg6 29. Nf2 Bg7 30. Ng4 Bd3 31. b4 Bf5 32.
Nxf5 Kxf5 33. Ne3+ Ke4 34. Kd2 Bxe5 35. Re2 Bxc3+ 36. Kxc3 d4+ 37. Kd2 dxe3+ 38. Rxe3+ Kd4 39. Rd3+ Ke4 40. Re3+ Kd4 41. b5 e5 42. Rb3 Kc4 43.
Rc3+ Kxb5 44. Kd3 Rc6 45. Rb3+ Kc5 46. Ke4 Kd6 47. Kf5 Rc4 48. Kxg5 Ke6 49. Rb6+ Kd5 50. Rb1 Rc8 0-1

[Event "*** Titled Tuesday Blitz"]
[Site "Chess.com"]
[Date "2020.10.27"]
[Round "4"]
[White "beto-betun"]
[Black "Ind1anStar"]
[Result "0-1"]
[WhiteElo "2204"]
[BlackElo "2413"]
[TimeControl "180+1"]
[EndTime "10:39:22 PDT"]
[Termination "Ind1anStar won by resignation"]

1. d4 d5 2. Nf3 Nf6 3. c4 e6 4. g3 Be7 5. Bg2 O-O 6. O-O dxc4 7. Nbd2 b5 8. a4 c6 9. Qc2 Bb7 10. Rd1 a6 11. b3 cxb3 12. Nxb3 Nbd7 13. Bf4 Nd5 14.
Bd2 Rc8 15. Nc5 Nxc5 16. dxc5 Bf6 17. Ra2 Qc7 18. e4 Ne7 19. Bc3 e5 20. Qb2 Ng6 21. Nd2 Rcd8 22. a5 Be7 23. Bb4 Rd4 24. Re1 Rfd8 25.
Nf3 Rd1 26. Ra1 Rxa1 27. Rxa1 Bc8 28. h3 Be6 29. Re1 f6 30. h4 Nf8 31. Kh2 Rd3 32. Nd2 Nd7 33. Bf1 Rd4 34. Nf3 Rxb4 35. Qxb4 Bxc5 36. Qb2 Qxa5 37. Rd1 Qb6 38. Rd2 a5 39. Kg2 a4 40. Be2 a3 41. Qa1 Nf8 42.
Bd1 b4 43. Rd8 Qxd8 0-1

[Event "*** Titled Tuesday Blitz"]
[Site "Chess.com"]
[Date "2020.10.27"]
[Round "4"]
[White "Lenyas66"]
[Black "Ze-Pequeno"]
[Result "0-1"]
[WhiteElo "2458"]
[BlackElo "2315"]
[TimeControl "180+1"]
[EndTime "10:39:25 PDT"]
[Termination "Ze-Pequeno won on time"]

1. e4 e5 2. Nf3 Nc6 3. Bb5 a6 4. Ba4 Nf6 5. O-O Be7 6. Bxc6 dxc6 7.
d3 Bd6 8. Nbd2 Bg4 9. h3 Bh5 10.
Qe1 Nd7 11. Nh2 f6 12. Nc4 Qe7 13. f4 Bf7 14. Nxd6+ cxd6 15. Ng4 O-O-O 16. Qa5 h5 17. Ne3 exf4 18. Nf5 Qf8 19. Bxf4 Ne5 20. b3 g6 21. Ne3 Qe7 22. d4 Nd7 23. Rae1 Rhe8 24. Nc4 Bxc4 25. bxc4 Nf8 26. d5 c5 27. Re3 g5 28. Bg3 Ng6 29. Qb6 Rf8 30. Rb3 Qc7 31. Qa7 Rd7 32. Rfb1 Rff7 33. Rb6 Ne5 34. Bxe5 fxe5 35. Rxa6 Kd8 36. Qa8+ Ke7 37. Rab6 Kf6 38. Qh8+ Kg6 39. Qg8+ Kh6 40. h4 gxh4 41. Qh8+ Kg6 42. Rxb7 Qxb7 43. Rxb7 Rxb7 44.
Qd8 Rbd7 45. Qxh4 Rf4 46. Qg3+ Rg4 47. Qf3 Rf7 48. Qb3 Rff4 49. Qb6 Rf6 50. Qc7 Rxe4 51. Qe7 Rxc4 52. Qe8+ Kf5 0-1